 Dungeon Crawl Stone Soup version 0.18.1-48-g4cf74bf (webtiles) character file.

9193 Peloso the Blocker (level 11, -5/97 HPs)
             Began as a Minotaur Fighter on Sept 4, 2016.
             Was a High Priest of Okawaru.
             Slain by a hellwing (14 damage)
             ... summoned by an orc sorcerer
             ... on level 1 of the Orcish Mines.
             The game lasted 00:30:32 (9377 turns).

Peloso the Blocker (Minotaur Fighter)               Turns: 9377, Time: 00:30:33

Health: -5/97      AC:  5    Str: 21    XL:     11   Next: 19%
Magic:  10/10      EV: 19    Int:  5    God:    Okawaru [*****.]
Gold:   749        SH: 13    Dex: 18    Spells: 0 memorised, 10 levels left

rFire  . . .     SeeInvis .     F - +3 falchion (freeze)
rCold  . . .     Gourm    .     V - +0 plate armour
rNeg   . . .     Faith    .     c - +0 shield
rPois  .         Spirit   .     (helmet restricted)
rElec  .         Dismiss  .     I - +1 cloak
rCorr  .         Reflect  .     (no gloves)
SustAt .         Harm     .     (no boots)
MR     .....                    G - amulet of regeneration
Stlth  ..........               x - +5 ring of evasion
                                m - ring of stealth

@: agile, corroded, drained, not resistant to hostile enchantments, extremely
unstealthy
A: retaliatory headbutt, horns 2
a: Heroism, Finesse, Renounce Religion


You were on level 1 of the Orcish Mines.
You worshipped Okawaru.
Okawaru was extremely pleased with you.
You were not hungry.

You visited 2 branches of the dungeon, and saw 11 of its levels.

You collected 769 gold pieces.
You spent 20 gold pieces at shops.

Inventory:

Hand Weapons
 a - a +0 long sword
 l - a +1 whip of flaming
 F - a +3 falchion of freezing (weapon)
 T - a +0 falchion of electrocution
 U - a +1 scimitar
Armour
 c - a +0 shield (worn)
 I - a +1 cloak (worn)
 V - a +0 plate armour (worn)
Jewellery
 h - an uncursed ring of positive energy
 m - a ring of stealth (left hand)
 u - an uncursed ring of fire
 x - a +5 ring of evasion (right hand)
 A - an uncursed ring of ice
 G - an amulet of regeneration (around neck)
Wands
 g - a wand of hasting (6/9)
 k - a wand of polymorph (10/24)
 o - a wand of digging (13/24)
 w - a wand of iceblast (6/15)
 z - a wand of random effects (46/48)
 M - a wand of lightning (8/15)
 Q - a wand of iceblast (7/15)
 S - a wand of confusion (35/48)
 W - a wand of random effects (31/48)
 X - a wand of random effects (18/48)
Scrolls
 b - 6 scrolls of identify
 i - a scroll of magic mapping
 j - 4 scrolls of recharging
 n - 4 scrolls of enchant armour
 q - 2 scrolls of remove curse
 v - 2 scrolls of enchant weapon {unknown}
 y - 3 scrolls of teleportation {unknown}
 B - 2 scrolls of noise {unknown}
 C - 2 scrolls of fear {unknown}
 H - a scroll of blinking {unknown}
 J - 2 scrolls of random uselessness {unknown}
 N - 4 scrolls of fog {unknown}
Potions
 d - 4 potions of might
 e - a potion of lignification {unknown}
 r - a potion of invisibility
 t - a potion of cancellation
 E - a potion of magic
 K - a potion of agility
 L - a potion of haste {unknown}
 R - 2 potions of curing
 Z - a potion of ambrosia {unknown}
Books
 O - a Necronomicon

   Spells                             Type                      Level
   a - Haunt                          Necromancy/Summoning         7
   b - Borgnjor's Revivification      Necromancy                   8
   c - Death's Door                   Charms/Necromancy            8
   d - Necromutation                  Transmutation/Necromancy     8
Comestibles
 f - 9 bread rations
 p - 8 beef jerkies
 s - 5 fruits
 D - 5 meat rations
 P - a slice of pizza
 Y - 2 chunks of flesh


   Skills:
 + Level 9.2(8.5) Fighting
 + Level 9.0(8.3) Long Blades
 + Level 11.0(10.2) Armour
 + Level 6.1(5.4) Dodging
 + Level 1.4(0.8) Stealth
 + Level 11.8(11.0) Shields
 + Level 1.3(0.7) Invocations


You had 10 spell levels left.
You didn't know any spells.

Dungeon Overview and Level Annotations

Branches:
Dungeon (10/15)            Temple (0/1) D:7            Lair (0/8) D:10
    Orc (1/2) D:10

Altars:
Cheibriados
Fedhas
Makhleb
Nemelex Xobeh
Okawaru
Ru
Sif Muna
Trog
Vehumet

Shops:
D:4 *

Annotations:
D:5 exclusion: statue
D:10 exclusion: oklob plant


Innate Abilities, Weirdness & Mutations

You reflexively headbutt those who attack you in melee.
You have a pair of horns on your head.


Message History

You hit the orc sorcerer. You freeze the orc sorcerer.
The orc sorcerer is lightly wounded.
The orc sorcerer casts a spell at you. The bolt of fire hits you!
* * * LOW HITPOINT WARNING * * *
You block the hellwing's attack. The hellwing hits you.
* * * LOW HITPOINT WARNING * * *
The ogre closely misses you.
The orc priest calls down the wrath of Beogh upon you.
Beogh smites you!
* * * LOW HITPOINT WARNING * * *
Read which item? (? for menu, Esc to quit)
Okay, then.
Drink which item? (? for menu, Esc to quit)
It was a potion of agility.
You feel agile all of a sudden. The rust devil hits you.
The rust devil corrodes you! Something hits you but does no damage.
You block the orc sorcerer's attack. The stone giant closely misses you.
The hellwing hits you!
You die...

##.............
#..............
##.#...........
####..........
##.#....... ##.##.......
#######.......>...
##4#..###........^.
##{@O...#...........
#.oC4....)..........
....#.oo.............#.
......#$........#..#....
.....#..............#.#.
.......$................
#.....................#.
.................#..###
............>......


You could see a stone giant, a hellwing, a rust devil, an orc sorcerer, an orc
warrior, an ogre and an orc priest.

Vanquished Creatures
  Snorg (Orc:1)
  The ghost of madman the Fighter, a novice HOFi of Okawaru (D:8)
  2 hill giants
  The ghost of Gargoyl the Protected, a novice DsAK of Lugonu (D:7)
  Joseph (D:7)
  2 two-headed ogres (D:8)
  Sigmund (D:6)
  3 hippogriffs (D:8)
  A water moccasin (D:6)
  The ghost of SaintRoka the Ruffian, an amateur VSTm (D:6)
  2 ice beasts
  4 orc warriors
  A phantom (D:7)
  A necrophage (D:5)
  11 ogres
  A centaur (D:9)
  A big kobold (D:10)
  4 giant frogs
  6 scorpions
  9 killer bees
  9 wights
  A howler monkey (D:5)
  5 crimson imps
  2 hounds
  2 giant frog zombies
  10 orc priests
  6 jellies
  Crazy Yiuf (D:6)
  8 orc wizards
  A giant frog skeleton (D:10)
  Ijyb (D:2)
  6 iguanas
  3 worker ants
  A killer bee zombie (D:9)
  2 hound zombies
  A worker ant zombie (D:7)
  16 adders
  An ooze (D:2)
  An adder skeleton (D:9)
  An adder zombie (D:6)
  A worm (D:4)
  3 dart slugs (D:1)
  3 giant geckos
  36 orcs
  A ball python (D:2)
  6 bats
  A giant cockroach (D:3)
  9 goblins
  7 hobgoblins
  18 jackals
  2 quokkas (D:4)
  7 giant newts
  7 kobolds
  A quokka zombie (D:5)
  10 rats
244 creatures vanquished.

Vanquished Creatures (others)
  A fungus (D:6)
1 creature vanquished.

Grand Total: 245 creatures vanquished

Notes
Turn   | Place    | Note
--------------------------------------------------------------
     0 | D:1      | Peloso the Minotaur Fighter began the quest for the Orb.
     0 | D:1      | Reached XP level 1. HP: 19/19 MP: 0/0
   112 | D:1      | Reached XP level 2. HP: 17/27 MP: 1/1
   489 | D:1      | Reached skill level 1 in Dodging
   489 | D:1      | Reached XP level 3. HP: 33/33 MP: 2/2
   709 | D:2      | Noticed Ijyb
   721 | D:2      | Killed Ijyb
   721 | D:2      | Reached XP level 4. HP: 38/40 MP: 3/3
   859 | D:2      | Found a faded altar to an unknown god.
   865 | D:2      | Found a burning altar of Makhleb.
  1147 | D:2      | Reached XP level 5. HP: 46/46 MP: 4/4
  1161 | D:2      | Found a sacrificial altar of Ru.
  2034 | D:4      | Reached skill level 5 in Armour
  2125 | D:4      | Found Kaycvuh's General Store.
  2130 | D:4      | Bought a scroll of identify for 20 gold pieces
  2155 | D:4      | Reached skill level 5 in Shields
  2161 | D:4      | Found a bloodstained altar of Trog.
  2163 | D:4      | Found a snail-covered altar of Cheibriados.
  2165 | D:4      | Found a deep blue altar of Sif Muna.
  2165 | D:4      | Found an iron altar of Okawaru.
  2174 | D:4      | Became a worshipper of Warmaster Okawaru
  2268 | D:4      | Reached XP level 6. HP: 23/53 MP: 5/5
  2745 | D:5      | Entered Level 5 of the Dungeon
  2869 | D:5      | Found a blossoming altar of Fedhas.
  3058 | D:5      | Reached * piety under Okawaru
  3058 | D:5      | Reached skill level 5 in Fighting
  3065 | D:5      | Reached XP level 7. HP: 58/61 MP: 6/6
  3139 | D:5      | Reached skill level 1 in Stealth
  3238 | D:5      | Found a sparkling altar of Nemelex Xobeh.
  3467 | D:5      | Found a radiant altar of Vehumet.
  3784 | D:6      | Noticed Sigmund
  3792 | D:6      | Noticed SaintRoka's ghost (amateur VSTm)
  3799 | D:6      | Killed Sigmund
  3813 | D:6      | Killed SaintRoka's ghost
  3813 | D:6      | Reached XP level 8. HP: 59/70 MP: 7/7
  3902 | D:6      | Reached ** piety under Okawaru
  3906 | D:6      | Noticed Crazy Yiuf
  3913 | D:6      | Killed Crazy Yiuf
  3913 | D:6      | Reached skill level 5 in Long Blades
  4494 | D:6      | Reached XP level 9. HP: 78/78 MP: 8/8
  4632 | D:6      | Reached *** piety under Okawaru
  4828 | D:7      | Noticed Gargoyl's ghost (novice DsAK)
  4874 | D:6      | HP: 1/78 [acid (3)]
  5286 | D:6      | HP: 3/78 [poisoned by Gargoyl's ghost]
  5292 | D:6      | HP: 2/78 [poisoned by Gargoyl's ghost]
  5297 | D:6      | HP: 1/78 [poisoned by Gargoyl's ghost]
  5302 | D:6      | HP: 2/78 [poisoned by Gargoyl's ghost]
  5658 | D:8      | Reached skill level 5 in Dodging
  5673 | D:8      | Reached skill level 1 in Invocations
  6194 | D:8      | Noticed madman's ghost (novice HOFi)
  6271 | D:8      | Killed madman's ghost
  6271 | D:8      | Reached **** piety under Okawaru
  6486 | D:8      | Reached XP level 10. HP: 88/88 MP: 9/9
  6516 | D:8      | Reached skill level 10 in Shields
  7242 | D:10     | Entered Level 10 of the Dungeon
  7277 | D:10     | Noticed an oklob plant
  7283 | D:10     | Found a staircase to the Lair.
  7353 | D:9      | Reached skill level 10 in Armour
  7387 | D:10     | Noticed a hill giant
  7507 | D:9      | Killed a hill giant
  7711 | D:10     | Found a staircase to the Orcish Mines.
  7728 | D:10     | Noticed a hill giant
  7735 | D:10     | Killed a hill giant
  7735 | D:10     | Reached ***** piety under Okawaru
  8179 | D:7      | Killed Gargoyl's ghost
  8295 | D:7      | Noticed Joseph
  8309 | D:7      | Killed Joseph
  8309 | D:7      | Received a gift from Okawaru
  8377 | D:7      | Reached XP level 11. HP: 95/95 MP: 10/10
  8594 | D:7      | Found a staircase to the Ecumenical Temple.
  9195 | Orc:1    | Entered Level 1 of the Orcish Mines
  9195 | Orc:1    | Noticed Snorg
  9215 | Orc:1    | Killed Snorg
  9361 | Orc:1    | Noticed an orc sorcerer
  9366 | Orc:1    | Noticed a stone giant
  9377 | Orc:1    | Slain by a hellwing

Skill      XL: |  1  2  3  4  5  6  7  8  9 10 11 |
---------------+----------------------------------+-----
Armour         | 4 5 7 8 9 10 11 | 11.0
Dodging        | 1 2 3 4 5 6 |  6.1
Shields        | 4 5 6 7 9 11 | 11.8
Fighting       | 4 5 6 7 8 9 |  9.2
Long Blades    | 3 4 6 7 8 9 |  9.0
Stealth        | 1 |  1.4
Invocations    | 1 |  1.3

Action                   |  1- 3 |  4- 6 |  7- 9 | 10-12 || total
-------------------------+-------+-------+-------+-------++-------
Melee: Long sword        |    77 |   167 |   187 |       ||   431
       Headbutt          |    10 |    24 |   118 |    75 ||   227
       Short sword       |       |       |   153 |       ||   153
       Falchion          |       |       |   131 |   314 ||   445
Invok: Heroism           |       |       |     5 |     4 ||     9
  Use: Scroll            |       |       |    10 |     1 ||    11
       Potion            |       |       |     3 |     1 ||     4
  Eat: Chunk             |       |     7 |     9 |     8 ||    24
       Fruit             |       |       |     2 |     4 ||     6
Armor: Scale mail        |    35 |       |       |       ||    35
       Chain mail        |    21 |   131 |   122 |    24 ||   298
       Plate armour      |       |       |       |    78 ||    78
Dodge: Dodged            |    39 |    76 |   179 |   163 ||   457
Block: Shield            |    58 |   100 |   203 |   225 ||   586
